cohdb
Replays
Latest Replays
All Replays
Popular Replays
Top Player Replays
Match Explorer
How It Works
Community
CoH3 Stats
Reddit
Sign in to upload your games and track your stats! →
Sign in with Steam
Match 38151517
Unlisted
Match 38151517
Overview
Messages
Build Orders
End
Panzergrenadier Squad
Panzergrenadier Squad
250 Light Carrier
Construct Light Support Kompanie
MG34 Team
Fire Support Elements
Combat Half-tracks
Panzergrenadier Squad
Flakvierling Half-track
Flakvierling Half-track
Vehicle Survival Package
2.5-tonne Medical Truck
Selects Armored Support Battlegroup
Selects Superior Fire Drills
Selects Salvage Kits
Flakvierling Half-track
Pak 38 Mechanized Group
2.5-tonne Medical Truck
Panzerpioneer Squad
Panzergrenadier Squad
Veteran Squad Leaders
Construct Panzerarmee Kommand
Armored Reserves
Panzer IV Assault Group
Aprosarmosto
Tonani
Lyon
BoBohn
DaemonJester
START
0
0
Comments
sign in to comment!
No comments posted yet!